[ AOE2 MATCH · #513793947 ]
UnrankedHuns vs Cumans
Player's team · WIN
Rival team · LOSS
[ REPLAY ANALYSIS · EXTRACTED FROM THE RECORDED GAME ]
Feudal
15:28
Castle
21:08
Imperial
33:53
| APM avg | 27.4 |
| APM peak | 65 |
| eAPM avg | 10.0 |
| Villagers / military | 66 / 42 |
Focus
⚔️ 26.0% · 🌾 74.0%
Fishing Ship ×19 · Cavalry Archer ×17 · Knight ×16 · Hulk ×4 · Trebuchet (Packed) ×4 · Mangonel ×1
Feudal
15:47
Castle
26:05
Imperial
—
| APM avg | 19.9 |
| APM peak | 55 |
| eAPM avg | 11.2 |
| Villagers / military | 55 / 46 |
Focus
⚔️ 23.8% · 🌾 76.2%
Camel Scout ×16 · Knight ×12 · Galley ×8 · Fishing Ship ×7 · Monk ×6 · Spearman ×3
Match map
Initial resources + every placement click. Lines = walls · curves = elevation contours. ◆ gold · ⬟ stone · ● berries · ✦ relic · ◌ wall gap
Your base· Open — 9t gap
idris_salmon's base· Open — 5t gap
Smoothed initial terrain · ◌ = detected wall gap · hover for details
Inputs per minute
— Macbein - - idris_salmon
Build order — Macbein
First 150 of 190 actions detected
| 0:47 | Build | Town Center |
| 2:33 | Queue | Villager (Male) |
| 2:33 | Queue | Villager (Male) |
| 2:33 | Queue | Villager (Male) |
| 2:34 | Queue | Villager (Male) |
| 3:53 | Queue | Villager (Male) |
| 4:42 | Queue | Villager (Male) |
| 5:05 | Queue | Villager (Male) |
| 5:30 | Queue | Villager (Male) |
| 5:57 | Queue | Villager (Male) |
| 6:14 | Build | Dock |
| 6:45 | Research | Loom |
| 7:09 | Queue | Villager (Male) |
| 7:31 | Queue | Fishing Ship |
| 7:31 | Queue | Fishing Ship |
| 7:33 | Queue | Villager (Male) |
| 8:18 | Build | Mill |
| 8:25 | Queue | Villager (Male) |
| 8:25 | Queue | Villager (Male) |
| 8:59 | Queue | Fishing Ship |
| 9:00 | Queue | Fishing Ship |
| 9:19 | Queue | Villager (Male) |
| 9:26 | Queue | Fishing Ship |
| 9:57 | Queue | Fishing Ship |
| 9:58 | Queue | Villager (Male) |
| 9:58 | Queue | Villager (Male) |
| 10:12 | Queue | Villager (Male) |
| 10:12 | Queue | Villager (Male) |
| 10:46 | Queue | Villager (Male) |
| 10:53 | Queue | Fishing Ship |
| 10:53 | Queue | Fishing Ship |
| 11:00 | Queue | Villager (Male) |
| 11:44 | Queue | Villager (Male) |
| 11:44 | Queue | Villager (Male) |
| 12:13 | Build | Dock |
| 12:18 | Queue | Fishing Ship |
| 13:06 | Research | Feudal Age |
| 13:21 | Queue | Fishing Ship |
| 13:24 | Queue | Fishing Ship |
| 13:24 | Queue | Fishing Ship |
| 14:13 | Queue | Fishing Ship |
| 14:15 | Queue | Fishing Ship |
| 15:22 | Queue | Fishing Ship |
| 15:28 | Age | Feudal Age |
| 15:33 | Queue | Villager (Male) |
| 15:33 | Queue | Villager (Male) |
| 15:41 | Build | Barracks |
| 15:45 | Queue | Villager (Male) |
| 16:12 | Queue | Villager (Male) |
| 16:26 | Build | Mining Camp |
| 16:31 | Queue | Villager (Male) |
| 16:37 | Build | Blacksmith |
| 16:39 | Queue | Villager (Male) |
| 17:12 | Build | Stable |
| 17:28 | Queue | Fishing Ship |
| 18:28 | Research | Castle Age |
| 18:53 | Research | Gold Mining |
| 19:09 | Build | Lumber Camp |
| 20:11 | Queue | Hulk |
| 20:12 | Queue | Hulk |
| 20:30 | Research | Fishing Lines |
| 20:41 | Research | Scale Barding Armor |
| 21:04 | Build | Dock |
| 21:08 | Age | Castle Age |
| 21:10 | Research | Double-Bit Axe |
| 21:19 | Build | Castle |
| 21:23 | Queue | Knight |
| 21:23 | Queue | Knight |
| 21:23 | Queue | Knight |
| 21:34 | Research | Forging |
| 21:47 | Build | Town Center |
| 22:03 | Queue | Fishing Ship |
| 22:22 | Queue | Knight |
| 22:26 | Queue | Villager (Male) |
| 22:27 | Queue | Villager (Male) |
| 22:54 | Queue | Villager (Male) |
| 22:54 | Queue | Villager (Male) |
| 22:55 | Queue | Villager (Male) |
| 23:00 | Research | Gold Shaft Mining |
| 23:05 | Queue | Knight |
| 23:10 | Queue | Villager (Male) |
| 23:15 | Queue | Villager (Male) |
| 23:35 | Build | Siege Workshop |
| 23:44 | Build | Archery Range |
| 23:47 | Queue | Villager (Male) |
| 23:47 | Queue | Villager (Male) |
| 23:51 | Research | Chain Barding Armor |
| 23:55 | Queue | Villager (Male) |
| 24:15 | Queue | Fishing Ship |
| 24:16 | Queue | Fishing Ship |
| 24:46 | Queue | Knight |
| 24:46 | Queue | Knight |
| 25:20 | Research | Bloodlines |
| 25:29 | Queue | Villager (Male) |
| 25:32 | Research | Fletching |
| 25:34 | Queue | Villager (Male) |
| 26:03 | Build | Dock |
| 26:29 | Queue | Knight |
| 26:29 | Queue | Knight |
| 26:36 | Queue | Cavalry Archer |
| 26:36 | Queue | Cavalry Archer |
| 26:37 | Queue | Cavalry Archer |
| 26:37 | Queue | Cavalry Archer |
| 26:40 | Queue | Villager (Male) |
| 26:45 | Build | Farm |
| 27:09 | Queue | Hulk |
| 27:13 | Queue | Hulk |
| 27:34 | Research | Town Watch |
| 27:34 | Queue | Villager (Male) |
| 27:57 | Queue | Villager (Male) |
| 28:04 | Build | Farm |
| 28:31 | Queue | Villager (Male) |
| 28:39 | Queue | Mangonel |
| 28:44 | Queue | Knight |
| 28:44 | Queue | Knight |
| 29:11 | Build | Market |
| 29:46 | Queue | Villager (Male) |
| 29:52 | Build | Farm |
| 29:52 | Build | Farm |
| 29:55 | Build | Farm |
| 29:56 | Build | Farm |
| 29:57 | Build | Farm |
| 30:43 | Research | Imperial Age |
| 30:46 | Research | Wheelbarrow |
| 30:54 | Research | Horse Collar |
| 31:06 | Queue | Cavalry Archer |
| 31:06 | Queue | Cavalry Archer |
| 31:07 | Queue | Cavalry Archer |
| 31:12 | Research | Bodkin Arrow |
| 31:21 | Build | Archery Range |
| 31:22 | Build | Archery Range |
| 31:27 | Queue | Knight |
| 31:34 | Build | Farm |
| 31:35 | Build | Farm |
| 31:39 | Build | Farm |
| 31:41 | Build | Farm |
| 31:42 | Build | Farm |
| 31:47 | Queue | Villager (Male) |
| 32:20 | Queue | Cavalry Archer |
| 32:21 | Queue | Cavalry Archer |
| 32:21 | Queue | Cavalry Archer |
| 32:22 | Queue | Villager (Male) |
| 32:32 | Build | Dock |
| 32:56 | Queue | Cavalry Archer |
| 32:56 | Queue | Cavalry Archer |
| 32:59 | Research | Iron Casting |
| 33:04 | Queue | Knight |
| 33:05 | Queue | Knight |
| 33:07 | Queue | Villager (Male) |
| 33:39 | Build | Stable |
Build order — idris_salmon
First 150 of 181 actions detected
| 0:40 | Build | Dock |
| 1:03 | Build | Town Center |
| 2:40 | Build | House |
| 3:21 | Queue | Villager (Male) |
| 3:21 | Queue | Villager (Male) |
| 3:22 | Queue | Villager (Male) |
| 3:22 | Queue | Villager (Male) |
| 3:22 | Queue | Villager (Male) |
| 4:33 | Queue | Fishing Ship |
| 4:41 | Research | Loom |
| 5:29 | Build | House |
| 5:40 | Queue | Villager (Male) |
| 5:40 | Queue | Villager (Male) |
| 7:04 | Queue | Fishing Ship |
| 7:12 | Queue | Villager (Male) |
| 7:41 | Queue | Villager (Male) |
| 7:41 | Queue | Villager (Male) |
| 7:41 | Queue | Villager (Male) |
| 7:51 | Build | Outpost |
| 7:59 | Build | House |
| 8:16 | Queue | Villager (Male) |
| 8:37 | Build | House |
| 8:44 | Queue | Villager (Male) |
| 8:45 | Queue | Villager (Male) |
| 8:58 | Build | House |
| 9:17 | Queue | Villager (Male) |
| 9:18 | Queue | Villager (Male) |
| 9:23 | Queue | Fishing Ship |
| 10:12 | Build | Palisade Wall |
| 10:34 | Build | Palisade Gate |
| 10:58 | Build | Mining Camp |
| 11:04 | Queue | Villager (Male) |
| 11:04 | Queue | Villager (Male) |
| 11:38 | Build | Mill |
| 12:00 | Queue | Villager (Male) |
| 12:01 | Queue | Villager (Male) |
| 12:10 | Queue | Fishing Ship |
| 12:34 | Queue | Villager (Male) |
| 12:54 | Build | House |
| 13:24 | Build | Dock |
| 13:37 | Research | Feudal Age |
| 13:42 | Queue | Fishing Ship |
| 14:19 | Queue | Fishing Ship |
| 15:04 | Build | Outpost |
| 15:12 | Queue | Villager (Male) |
| 15:13 | Queue | Villager (Male) |
| 15:14 | Queue | Villager (Male) |
| 15:14 | Queue | Villager (Male) |
| 15:30 | Build | Mill |
| 15:47 | Age | Feudal Age |
| 16:18 | Queue | Villager (Male) |
| 16:18 | Queue | Villager (Male) |
| 16:24 | Research | Horse Collar |
| 16:50 | Research | Fishing Lines |
| 17:28 | Build | Watch Tower |
| 17:40 | Build | Palisade Wall |
| 17:58 | Queue | Villager (Male) |
| 17:58 | Queue | Villager (Male) |
| 18:10 | Build | House |
| 18:28 | Build | Palisade Wall |
| 18:36 | Build | Palisade Gate |
| 18:56 | Build | Outpost |
| 19:16 | Build | Lumber Camp |
| 19:44 | Queue | Fishing Ship |
| 20:18 | Queue | Villager (Male) |
| 20:18 | Queue | Villager (Male) |
| 20:19 | Queue | Villager (Male) |
| 20:19 | Queue | Villager (Male) |
| 20:35 | Build | Blacksmith |
| 20:54 | Build | House |
| 21:06 | Build | House |
| 21:33 | Build | Market |
| 21:40 | Build | Watch Tower |
| 22:28 | Build | Barracks |
| 22:52 | Build | Palisade Wall |
| 23:00 | Build | Mining Camp |
| 23:26 | Research | Castle Age |
| 24:12 | Build | Town Center |
| 24:31 | Build | Dock |
| 24:40 | Queue | Villager (Male) |
| 24:40 | Queue | Villager (Male) |
| 24:40 | Queue | Villager (Male) |
| 24:41 | Queue | Villager (Male) |
| 25:05 | Queue | Demolition Raft |
| 25:53 | Queue | Galley |
| 26:05 | Age | Castle Age |
| 26:11 | Queue | Villager (Male) |
| 26:11 | Queue | Villager (Male) |
| 26:23 | Build | Stable |
| 26:27 | Build | Monastery |
| 26:30 | Queue | Villager (Male) |
| 26:31 | Queue | Villager (Male) |
| 26:31 | Queue | Villager (Male) |
| 26:31 | Queue | Villager (Male) |
| 26:46 | Queue | Galley |
| 27:10 | Queue | Monk |
| 27:16 | Queue | Galley |
| 27:25 | Queue | Knight |
| 27:25 | Queue | Knight |
| 27:41 | Build | House |
| 27:43 | Build | House |
| 27:43 | Build | House |
| 28:09 | Queue | Knight |
| 28:13 | Build | House |
| 28:14 | Build | House |
| 28:16 | Build | House |
| 28:17 | Build | House |
| 28:28 | Research | Heavy Plow |
| 28:33 | Build | Farm |
| 28:35 | Build | Farm |
| 28:37 | Queue | Monk |
| 29:08 | Build | Castle |
| 29:12 | Queue | Knight |
| 29:40 | Research | War Galley (upgrade) |
| 30:23 | Build | Farm |
| 30:23 | Build | Farm |
| 30:23 | Build | Farm |
| 30:24 | Build | Farm |
| 30:24 | Build | Farm |
| 31:11 | Build | Palisade Wall |
| 31:18 | Build | Farm |
| 31:20 | Build | Farm |
| 31:24 | Build | Farm |
| 31:27 | Build | Farm |
| 31:29 | Build | Farm |
| 31:32 | Queue | Knight |
| 32:12 | Queue | Villager (Male) |
| 32:12 | Queue | Villager (Male) |
| 32:14 | Queue | Villager (Male) |
| 32:14 | Queue | Villager (Male) |
| 32:18 | Build | Mining Camp |
| 32:21 | Queue | Villager (Male) |
| 32:32 | Queue | Galley |
| 32:50 | Queue | Spearman |
| 32:50 | Queue | Spearman |
| 32:50 | Queue | Spearman |
| 33:11 | Build | Palisade Wall |
| 33:59 | Queue | Villager (Male) |
| 33:59 | Queue | Villager (Male) |
| 34:00 | Queue | Villager (Male) |
| 34:04 | Queue | Villager (Male) |
| 34:04 | Queue | Villager (Male) |
| 34:39 | Queue | Galley |
| 34:39 | Queue | Galley |
| 34:39 | Queue | Galley |
| 34:40 | Queue | Galley |
| 34:47 | Queue | Knight |
| 34:47 | Queue | Knight |
| 34:47 | Queue | Knight |
| 34:58 | Queue | Villager (Male) |
Match timeline
| 0:40 | idris_salmon · first_building Dock |
| 6:14 | Macbein · first_building Dock |
| 10:12 | idris_salmon · wall_segment Palisade Wall x6 |
| 15:28 | Macbein · age_up feudal |
| 15:41 | Macbein · first_building Barracks |
| 15:47 | idris_salmon · age_up feudal |
| 17:12 | Macbein · first_building Stable |
| 17:40 | idris_salmon · wall_segment Palisade Wall x5 |
| 18:28 | idris_salmon · wall_segment Palisade Wall x7 |
| 21:08 | Macbein · age_up castle |
| 21:19 | Macbein · first_building Castle |
| 22:28 | idris_salmon · first_building Barracks |
| 22:52 | idris_salmon · wall_segment Palisade Wall x6 |
| 23:35 | Macbein · first_building Siege Workshop |
| 23:44 | Macbein · first_building Archery Range |
| 24:05 | idris_salmon · first_market_buy 100 stone |
| 26:05 | idris_salmon · age_up castle |
| 26:23 | idris_salmon · first_building Stable |
| 26:27 | idris_salmon · first_building Monastery |
| 28:56 | idris_salmon · first_market_sell 100 wood |
| 29:08 | idris_salmon · first_building Castle |
| 31:11 | idris_salmon · wall_segment Palisade Wall x5 |
| 33:11 | idris_salmon · wall_segment Palisade Wall x10 |
| 33:53 | Macbein · age_up imperial |
| 34:28 | Macbein · first_market_sell 100 food |
| 41:27 | idris_salmon · resign |
[ AI ANALYSIS · 1 CREDIT ]
What really happened in this match?
Wolo.gg analyzes every decision: build order, eco, micro, common mistakes by bracket. Personalized analysis on WhatsApp or Discord in 30 seconds.
Civ guide
Huns
Perfil
Jugador #25101137